 Dungeon Crawl Stone Soup version 0.25.0-46-gbd7b0854d2 (webtiles) character file.

Game seed: 154833584629952488

51 Ethylacetat the Poker (level 3, -3/28 HPs)
             Began as a Demonspawn Gladiator on July 17, 2020.
             Slain by an iguana (5 damage)
             ... on level 2 of the Dungeon.
             The game lasted 00:02:05 (1958 turns).

Ethylacetat the Poker (Demonspawn Gladiator)        Turns: 1958, Time: 00:02:06

Health: -3/28      AC:  3    Str: 15    XL:     3   Next: 57%
Magic:  3/3        EV: 13    Int:  9    God:
Gold:   177        SH:  0    Dex: 16    Spells: 2/2 levels left

rFire    . . .     SeeInvis .   a - +0 trident
rCold    . . .     Gourm    .   (no shield)
rNeg     . . .     Faith    .   b - +0 leather armour
rPois    .         Spirit   .   (helmet restricted)
rElec    .         Reflect  .   (no cloak)
rCorr    .         Harm     .   (no gloves)
MR       .....                  (no boots)
Stlth    ++........             (no amulet)
HPRegen  0.09/turn              (no ring)
MPRegen  0.08/turn              (no ring)

@: no status effects
A: antennae 1, thin skeletal structure 1
a: no special abilities


You were on level 2 of the Dungeon.
You were not hungry.

You visited 1 branch of the dungeon, and saw 2 of its levels.

You collected 177 gold pieces.

Inventory:

Hand Weapons
 a - a +0 trident (weapon)
Missiles
 d - 3 throwing nets (quivered)
Armour
 b - a +0 leather armour (worn)
 c - a +0 helmet
Jewellery
 e - a cursed ring of attention {unknown}
 h - an uncursed amulet of guardian spirit {unknown}
 n - a +4 ring of evasion {unknown}
Wands
 m - a wand of acid (8)
Scrolls
 g - a scroll of magic mapping {unknown}
 i - a scroll of identify {unknown}
 j - a scroll of enchant weapon {unknown}
 k - a scroll of random uselessness {unknown}
Comestibles
 f - 2 rations
 l - 3 chunks of flesh


   Skills:
 + Level 2.7 Fighting
 * Level 3.8 Polearms
 - Level 1.7 Throwing
 - Level 2.6 Dodging


You had 2 spell levels left.
You didn't know any spells.
Your spell library was empty.

Dungeon Overview and Level Annotations

Branches:
Dungeon (2/15)

Altars:


Innate Abilities, Weirdness & Mutations

You have a pair of small antennae on your head.
You have a somewhat thin skeletal structure. (Dex +2, Stealth)


Message History

The iguana is heavily wounded.
The iguana barely misses you.
Your leather armour prevents you from hitting the iguana.
The iguana is heavily wounded.
The iguana closely misses you.
You hit the iguana.
The iguana is severely wounded.
The iguana bites you!
* * * LOW HITPOINT WARNING * * *
You completely miss the iguana.
The iguana is heavily wounded.
The iguana closely misses you.
You closely miss the iguana.
The iguana is heavily wounded.
The iguana bites you.
* * * LOW HITPOINT WARNING * * *
You hit the iguana.
The iguana is severely wounded.
The iguana bites you.
You die...

..## ##...# #.. .. ...##
#..#...# ..#.#
#...###.####..(# ##...
#.......# .### ##†.##.#
#####...####.######$.....#
##...#...........#####
###....#. #####....##
#....##...## ###.#...#
#.[####.....###.@...#...#
....... ##....#l##.####..#
.##### ##.....##.# #.# ..#
#..#.#.....# ... ..#
###.##.####.... ... ..#
##...##.# #>### ?. ..#
#..####.. #.# #.# #.##
###. #.#####.# ..


You could see an iguana.

Vanquished Creatures
  An adder (D:2)
  An ooze (D:1)
  2 worms (D:2)
  A dart slug (D:1)
  A leopard gecko (D:2)
  A ball python (D:1)
  2 goblins (D:1)
  5 hobgoblins
  4 bats
  2 frilled lizards (D:1)
  4 kobolds (D:1)
  5 rats
29 creatures vanquished.

Vanquished Creatures (others)
  4 toadstools (D:1)
4 creatures vanquished.

Grand Total: 33 creatures vanquished

Notes
Turn   | Place    | Note
-------+----------+-------------------------------------------
     0 | D:1      | Ethylacetat the Demonspawn Gladiator began the quest for
                  | the Orb.
     0 | D:1      | Reached XP level 1. HP: 16/16 MP: 1/1
   118 | D:1      | Reached skill level 3 in Polearms
   347 | D:1      | Gained mutation: You have a somewhat thin skeletal
                  | structure. (Dex +2, Stealth) [demonic ancestry]
   347 | D:1      | Reached XP level 2. HP: 21/22 MP: 2/2
  1057 | D:1      | Gained mutation: You have a pair of small antennae on your
                  | head. [demonic ancestry]
  1057 | D:1      | Reached XP level 3. HP: 7/28 MP: 3/3
  1957 | D:2      | HP: 1/28 [iguana (2)]
  1958 | D:2      | Slain by an iguana

Illustrated notes

Levels and vault maps discovered:
D:1:      psy_arrival_radial01, layout_basic, minmay_gold_behind_fungi,
          minmay_heptomino_w4
D:2:      layout_rooms, grunt_gozag_statues, uniq_terence

Skill      XL: |  1 |
---------------+----+-----
Polearms       | 3 |  3.8
Fighting       | |  2.7
Throwing       | |  1.7
Dodging        | |  2.6

Action                   || total
-------------------------++-------
Melee: Trident           ||   131
  Use: Potion            ||     1
 Stab: Sleeping          ||     2
  Eat: Chunk             ||     3
Armor: Leather armour    ||    25
       Skin              ||     1
Dodge: Dodged            ||    77
